Alex, neutral male human Archeologist --------- |..{....| |.......-# |.......|# ------- |.[....<|# |...%.| |.......| |.%...-## -.-|-.--- |.%...| # #### ### ------- ### # # # ### ### #%# # # ################## ###-.------e---### #.......@df.| |.....r....+ |..........| ------------ Alex the Digger Experience level: 1 Strength: 13 Dexterity: 12 Constitution: 15 Intelligence: 16 Wisdom: 14 Charisma: 9 Health: 0(17) Energy: 3(3) Def: 14 Gold: 82 Moves: 13623 Dungeon seed: roYgOplGNigA346W Game ID: Alex_1690448404 Your Inventory: Coins $ - 82 gold pieces Weapons a - an uncursed +2 bullwhip z - 8 uncursed +0 daggers B - a blessed +1 dagger Armor I - a blessed +0 dwarvish iron helm (being worn) J - an uncursed +1 dwarvish cloak (being worn) K - an uncursed +0 dwarvish roundshield (being worn) T - an uncursed +0 pair of iron shoes (being worn) Y - an uncursed +0 dwarvish mithril-coat (being worn) Scrolls d - a cursed scroll of earth e - an uncursed scroll of earth Potions s - an uncursed potion of gain level Tools c - an uncursed oil lamp (0:1045) f - an uncursed tinning kit (0:29) g - an uncursed sack A - an uncursed wax candle (0:400) Gems n - an uncursed agate stone q - an uncursed touchstone x - an uncursed black opal y - an uncursed topaz stone Spells and supernatural/magical abilities: Name Level Category Cost Memory W - pray for help -- divine ? -- Your skills at the end: Fighting Skills wands [Basic] Weapon Skills pick-axe [Basic] whip [Basic] Spellcasting Skills Final Attributes: You were fervently aligned. You were fire resistant. You were stealthy. You were protected. You were slow. You were unlucky. You angered your god 221 turns ago. Camaxtli was slightly angry at you. You are dead. Vanquished creatures: a small mimic a dwarf king a leprechaun a gnome king a dingo 4 bugbears a rock piercer a rock mole a fog cloud 3 shriekers 4 gnome lords 2 gnomish wizards a kobold mummy 6 giant ants a little dog 2 kittens 8 dwarves a kobold lord 7 rothes a centipede a giant bat 4 wererats a werejackal 2 iguanas a killer bee 3 acid blobs a coyote 3 gas spores 9 hobbits 13 manes 2 large kobolds 2 hobgoblins 9 giant rats 5 cave spiders 2 brown molds 6 yellow molds 6 green molds 4 red molds 29 gnomes 14 garter snakes 4 gnome zombies 8 geckos 11 jackals 3 foxes 2 kobolds 8 goblins 13 sewer rats 16 grid bugs 11 lichens 2 kobold zombies 11 newts 254 creatures vanquished. Voluntary challenges: You used a wielded weapon 18 times, starting on turn 5451. You were a pacifist. You read items or engraved 64 times, starting on turn 9017. You never genocided any monsters. You never polymorphed an object. You never changed form. You used no wishes. You never split a pudding. You wrote Elbereth's name 46 times, starting on turn 9019. You never violated your personal moral code. Dungeon overview: The Dungeons of Doom: levels 1 to 7 Level 1 a fountain a long staircase Level 2 a fountain, a vault stairs to The Gnomish Mines Level 3 some fountains Level 4 a vault Level 5 a fountain, a throne Level 6 many fountains Level 7 <- You were here a fountain stairs to Sokoban The Gnomish Mines: levels 3 to 6 Level 3 stairs to The Dungeons of Doom Level 4 Level 5 (magic trap) Level 6 many shops, a temple to Quetzalcoatl, some fountains Sokoban: Level 6 Unsolved stairs to The Dungeons of Doom History has recorded: On T:1 you entered the Dungeons of Doom to retrieve the Amulet of Yendor! On T:112 you reached level 2 of The Dungeons of Doom. On T:596 you reached level 3 of The Dungeons of Doom. On T:651 you reached level 1 of The Gnomish Mines. On T:1240 you reached level 2 of The Gnomish Mines. On T:2228 you reached level 3 of The Gnomish Mines. On T:3344 you reached level 4 of The Gnomish Mines. On T:5141 you reached level 4 of The Dungeons of Doom. On T:5603 you reached level 5 of The Dungeons of Doom. On T:6870 you reached level 6 of The Dungeons of Doom. On T:7418 you reached level 7 of The Dungeons of Doom. On T:8525 you reached level 4 of Sokoban. Score breakdown: Gold: 82 ( 6528 points) Experience: 1 level ( 0 points) Exploration: 7 levels ( 14.00%) (10497 points) Discoveries: 12 items ( 3.97%) ( 5980 points) Valuables value: (no points given unless you survive) Artifact value: 0 ( 0 points) Variety of kills: 51 monsters ( 13.42%) (10990 points) Turncount: 13623 turns (-2835 points) Survival: died (score multiplied by 80%) Total score: 24928 Latest messages: The sewer rat bites! The housecat bites the floating eye. The sewer rat misses. The sewer rat bites! (3x) You come to. [12 turns] The dagger hits the floating eye. The sewer rat just misses! The large dog bites the floating eye. The sewer rat just misses! [2 turns] The dagger hits the floating eye. The sewer rat misses. (2x) You faint from lack of food. The sewer rat bites! The sewer rat misses. The sewer rat bites! (2x) The sewer rat misses. (2x) The sewer rat bites! You die... The sack is empty. The sack is empty. Final status: Goodbye Alex the Archeologist, killed by a sewer rat, while fainted from lack of food... You died in The Dungeons of Doom on dungeon level 7 with 24928 points, and 82 pieces of gold, after 13623 moves. You were level 1 with a maximum of 17 hit points when you died.